 Dungeon Sprint DCSS version 0.22.1-1-ga44c0e56f4 (webtiles) character file.

14634 MuseOD the Imperceptible (level 11, -1/59 HPs)
             Began as a Spriggan Enchanter on Sept 27, 2018.
             Was the Champion of Dithmenos.
             Slain by a deep elf blademaster (23 damage)
             ... in the Dungeon (Sprint III: "The Ten Rune Challenge").
             The game lasted 00:13:57 (2917 turns).

MuseOD the Imperceptible (Spriggan Enchanter)       Turns: 2917, Time: 00:13:59

Health: -1/59      AC:  2    Str:  4    XL:     11   Next: 91%
Magic:  10/26      EV: 33    Int: 19    God:    Dithmenos [******]
Gold:   2558       SH:  0    Dex: 18    Spells: 16/31 levels left

rFire    + . .     SeeInvis +   a - +1 dagger
rCold    . . .     Gourm    .   (shield restricted)
rNeg     . . .     Faith    .   b - +0 robe
rPois    .         Spirit   .   (helmet restricted)
rElec    .         Reflect  .   (no cloak)
rCorr    .         Harm     .   (gloves unavailable)
MR       +....     NoTele   +   (boots unavailable)
Stlth    ++++++++++             (no amulet)
HPRegen  0.19/turn              (no ring)
MPRegen  0.20/turn              (no ring)

@: flying (expiring), wreathed by umbra, very quick
A: very small, unfitting armour, see invisible, fire resistance 1, herbivore,
speed 3, slow metabolism 2
a: Shadow Step, Shadow Form, Renounce Religion


You were in the Dungeon.
You worshipped Dithmenos.
Dithmenos was exalted by your worship.
You were very hungry.

You visited 1 branch You collected 2668 gold pieces.
You spent 110 gold pieces at shops.

Inventory:

Hand Weapons
 a - a +1 dagger (weapon)
Armour
 b - a +0 robe (worn)
Jewellery
 c - an uncursed ring of poison resistance {unknown}
Wands
 o - a wand of enslavement (9)
Scrolls
 i - a scroll of torment {unknown}
 j - a scroll of blinking
 k - 3 scrolls of identify
 l - 4 scrolls of remove curse
 n - a scroll of holy word {unknown}
 p - 2 scrolls of amnesia {unknown}
Potions
 e - 2 potions of curing
 f - a potion of heal wounds
 g - a potion of haste
 h - 2 potions of magic
 m - 2 potions of flight
Comestibles
 d - 5 rations


   Skills:
 - Level 7.7 Fighting
 - Level 13.6 Short Blades
 + Level 17.0 Dodging
 + Level 21.7 Stealth
 - Level 10.6 Spellcasting
 + Level 9.9 Conjurations
 - Level 10.7 Hexes


You had 16 spell levels left.
You knew the following spells:

 Your Spells              Type           Power        Failure   Level  Hunger
a - Corona                Hex            ######.      1%          1    None
b - Ensorcelled Hibernat  Hex/Ice        ####..       1%          2    None
c - Confuse               Hex            ######..     1%          3    None
d - Dazzling Spray        Conj/Hex       #####.       1%          3    None
e - Tukima's Dance        Hex            ######..     1%          3    None
f - Mephitic Cloud        Conj/Pois/Air  ###.....     5%          3    None

Your spell library contained the following spells:

 Spells                   Type           Power        Failure   Level  Hunger
 Magic Dart               Conj           ####         1%          1    None
 Slow                     Hex            ######..     1%          2    None
 Conjure Flame            Conj/Fire      ####....     2%          3    None
 Blink                    Tloc           N/A          11%         2    None
 Call Imp                 Summ           ##......     11%         2    None


Dungeon Overview and Level Annotations

Branches:
Dungeon (1/1)

Altars:
Dithmenos
Elyvilon
Fedhas
Kikubaaqudgha
Okawaru
Qazlal
Ru
Sif Muna
Trog
Uskayaw
Vehumet
Wu Jian
Yredelemnul
Zin
The Shining One
Beogh

Shops:
D }


Innate Abilities, Weirdness & Mutations

You are very small and have problems with some larger weapons.
You are too small for most types of armour.
You have supernaturally acute eyesight. (SInv)
You are a herbivore.
You cover ground extremely quickly.
You need to consume almost no food.
Your flesh is heat resistant. (rF+)


Message History

Your shadow hits the deep elf blademaster but does no damage.
You hit the deep elf blademaster but do no damage.
The deep elf blademaster is almost dead.
The deep elf blademaster completely misses you.
The deep elf blademaster hits you!!
You emit a cloud of dark smoke.
You are too injured to fight recklessly!
You are too injured to fight recklessly!
You are too injured to fight recklessly!
Casting: Dazzling Spray (safe; 1% risk of failure)
Confirm with . or Enter, or press ? or * to list all spells.
Aiming: Dazzling Spray (safe; 1% risk of failure)
Press: ? - help, Shift-Dir - straight line, f/p - deep elf blademaster
Aim: a deep elf blademaster, wearing a shiny chain mail (black smoke, almost The spray of energy hits the deep elf blademaster.
The deep elf blademaster is almost dead.
Your shadow mimicks your spell!
The shadow shard hits the deep elf blademaster.
You are starting to lose your buoyancy.
The deep elf blademaster hits you!!
You die...

▓
######################
..'.#...##.[..'.§...|
)##)#...##≈≈≈≈##§§##
###)#.[.≈≈≈.[..§@e§#
###.#.[.##≈≈≈≈##§§##
..#.)...##....'.§§.:=
.#####################
##############
.'...'.#.#.#.+
.#...##.#.#.##
.#)..#.#.#.#.#
.#)).##.#.#.#


You could see a deep elf blademaster (blind).

Vanquished Creatures
  Frances (D)
  Donald (D)
  A deep elf demonologist (D)
  2 deep elf annihilators (D)
  Josephine (D)
  A yaktaur captain (D)
  2 deep elf high priests (D)
  A centaur warrior (D)
  A deep elf knight (D)
  2 unseen horrors (D)
  6 deep elf magi (D)
  2 yaktaurs (D)
  An orc high priest (D)
  A shadow (D)
  A spatial vortex (D)
  2 orc warriors (D)
  A necrophage (D)
  2 centaurs (D)
  An earth elemental (D)
  A water elemental (D)
  A jelly (D)
  7 orc priests (D)
  A wizard (D)
  Jessica (D)
  A necromancer (D)
  3 orc wizards (D)
  A kobold demonologist (D)
  3 humans (D)
  A wolf (D)
  7 orcs (D)
  3 rats (D)
60 creatures vanquished.

Vanquished Creatures (others)
  2 draconian scorchers (D)
  6 hellions (D)
  A yaktaur (D)
  An orc high priest (D)
  An orc priest (D)
  6 plants (D)
17 creatures vanquished.

Grand Total: 77 creatures vanquished

Notes
Turn   | Place    | Note
-------+----------+-------------------------------------------
     0 | D        | MuseOD the Spriggan Enchanter began the quest for the Orb.
     0 | D        | Reached XP level 1. HP: 9/9 MP: 5/5
    86 | D        | Killed a hellion
    88 | D        | Killed a hellion
    94 | D        | Killed a hellion
   113 | D        | Noticed Jessica
   116 | D        | Killed Jessica
   116 | D        | Reached skill level 6 in Stealth
   116 | D        | Reached XP level 2. HP: 15/15 MP: 6/6
   145 | D        | Killed a white draconian scorcher
   154 | D        | Killed a hellion
   159 | D        | Killed a hellion
   167 | D        | Learned a level 2 spell: Ensorcelled Hibernation
   179 | D        | Killed a hellion
   189 | D        | Killed a yaktaur
   194 | D        | Killed a white draconian scorcher
   396 | D        | Reached skill level 5 in Short Blades
   396 | D        | Reached XP level 3. HP: 19/19 MP: 4/8
   405 | D        | Learned a level 3 spell: Confuse
   422 | D        | Reached skill level 7 in Stealth
   448 | D        | Noticed a water elemental
   451 | D        | Killed a water elemental
   451 | D        | Reached skill level 5 in Hexes
   451 | D        | Reached XP level 4. HP: 24/24 MP: 5/11
   463 | D        | Learned a level 3 spell: Dazzling Spray
   501 | D        | Found a glowing silver altar of Zin.
   501 | D        | Found a glowing golden altar of the Shining One.
   501 | D        | Found a white marble altar of Elyvilon.
   501 | D        | Noticed a deep elf mage
   516 | D        | Killed a deep elf mage
   516 | D        | Reached skill level 5 in Fighting
   516 | D        | Reached skill level 10 in Stealth
   516 | D        | Reached XP level 5. HP: 19/30 MP: 7/15
   516 | D        | Reached XP level 6. HP: 22/35 MP: 7/17
   524 | D        | Learned a level 3 spell: Tukima's Dance
   591 | D        | Found a basalt altar of Yredelemnul.
   591 | D        | Found a shadowy altar of Dithmenos.
   591 | D        | Found a sacrificial altar of Ru.
   598 | D        | Reached XP level 7. HP: 34/39 MP: 11/18
   600 | D        | Reached skill level 10 in Short Blades
   600 | D        | Reached skill level 11 in Stealth
   603 | D        | Became a worshipper of Dithmenos the Shadowed
   650 | D        | Found a hide-covered altar of Uskayaw.
   650 | D        | Found an iron altar of Okawaru.
   651 | D        | Found a roughly hewn altar of Beogh.
   651 | D        | Found a bloodstained altar of Trog.
   651 | D        | Found an ornate altar of the Wu Jian Council.
   651 | D        | Noticed a human
   651 | D        | Noticed a human
   664 | D        | Killed a human
   670 | D        | Killed a human
   776 | D        | Found a radiant altar of Vehumet.
   777 | D        | Found a deep blue altar of Sif Muna.
   777 | D        | Found an ancient bone altar of Kikubaaqudgha.
   778 | D        | Reached * piety under Dithmenos
   789 | D        | Learned a level 3 spell: Mephitic Cloud
   802 | D        | Noticed a shadow
   821 | D        | Killed a shadow
   821 | D        | Reached ** piety under Dithmenos
   821 | D        | Reached skill level 12 in Stealth
   821 | D        | Reached XP level 8. HP: 34/45 MP: 15/21
   895 | D        | Noticed Josephine
   897 | D        | Killed Josephine
   897 | D        | Reached skill level 13 in Stealth
   905 | D        | Reached skill level 10 in Hexes
   910 | D        | Noticed a centaur warrior
   912 | D        | Reached XP level 9. HP: 50/50 MP: 23/23
   914 | D        | Killed a centaur warrior
   914 | D        | Reached *** piety under Dithmenos
   914 | D        | Reached skill level 14 in Stealth
   914 | D        | Reached skill level 10 in Spellcasting
   927 | D        | Noticed an unseen horror
   927 | D        | Noticed an unseen horror
   929 | D        | Killed an unseen horror
   929 | D        | Reached skill level 5 in Dodging
   935 | D        | Killed an unseen horror
   935 | D        | Reached skill level 15 in Stealth
   939 | D        | Noticed Donald
   939 | D        | Noticed Frances
   943 | D        | Killed Frances
   943 | D        | Reached **** piety under Dithmenos
   943 | D        | Reached skill level 10 in Dodging
   943 | D        | Reached skill level 17 in Stealth
   943 | D        | Reached skill level 5 in Conjurations
   943 | D        | Reached XP level 10. HP: 51/56 MP: 19/25
   944 | D        | Killed Donald
   944 | D        | Reached skill level 18 in Stealth
   952 | D        | Noticed a yaktaur captain
   954 | D        | Killed a yaktaur captain
   957 | D        | Reached XP level 11. HP: 26/59 MP: 15/26
  1131 | D        | Reached skill level 19 in Stealth
  1257 | D        | Reached ***** piety under Dithmenos
  1435 | D        | Found Kefocaum's Gadget Emporium.
  1540 | D        | Reached ****** piety under Dithmenos
  1544 | D        | Found a blossoming altar of Fedhas.
  1545 | D        | Found a stormy altar of Qazlal.
  1833 | D        | Bought a wand of enslavement (9) for 110 gold pieces
  1840 | D        | Noticed a deep elf mage
  1840 | D        | Noticed a deep elf mage
  1840 | D        | Noticed a deep elf knight
  1840 | D        | Noticed a deep elf mage
  1840 | D        | Noticed a deep elf mage
  1847 | D        | Noticed a deep elf demonologist
  1849 | D        | Killed a deep elf mage
  1853 | D        | Noticed a Hell Sentinel
  1857 | D        | Killed a deep elf knight
  1864 | D        | Killed a deep elf mage
  1864 | D        | Reached skill level 20 in Stealth
  1879 | D        | Killed a deep elf mage
  1894 | D        | Killed a deep elf mage
  1894 | D        | Reached skill level 15 in Dodging
  2062 | D        | Noticed a deep elf mage
  2067 | D        | Noticed a deep elf annihilator
  2067 | D        | Noticed a deep elf high priest
  2068 | D        | Killed a deep elf annihilator
  2070 | D        | Noticed a Tzitzimitl
  2071 | D        | Killed a deep elf demonologist
  2071 | D        | Reached skill level 21 in Stealth
  2147 | D        | Killed a deep elf mage
  2165 | D        | Killed a deep elf high priest
  2168 | D        | Noticed a deep elf annihilator
  2169 | D        | Noticed a deep elf blademaster
  2414 | D        | Noticed a deep elf high priest
  2418 | D        | Killed a deep elf annihilator
  2575 | D        | Killed a deep elf high priest
  2882 | D        | Gained mutation: Potions are less effective at restoring
                  | your health. [potion of mutation]
  2882 | D        | Gained mutation: You are resistant to hostile enchantments.
                  | (MR+) [potion of mutation]
  2882 | D        | Gained mutation: Your muscles are strong. (Str +2) [potion
                  | of mutation]
  2883 | D        | Lost mutation: You are resistant to hostile enchantments.
                  | (MR+) [potion of mutation]
  2883 | D        | Lost mutation: Your muscles are strong. (Str +2) [potion of
                  | mutation]
  2883 | D        | Gained mutation: You are weak. (Str -2) [potion of
                  | mutation]
  2883 | D        | Gained mutation: You have a pair of small antennae on your
                  | head. [potion of mutation]
  2883 | D        | Lost mutation: You are weak. (Str -2) [potion of mutation]
  2884 | D        | Lost mutation: Potions are less effective at restoring your
                  | health. [potion of mutation]
  2884 | D        | Lost mutation: You have a pair of small antennae on your
                  | head. [potion of mutation]
  2884 | D        | Gained mutation: You tend to lose your temper in combat.
                  | [potion of mutation]
  2884 | D        | Gained mutation: Your flesh is cold resistant. (rC+)
                  | [potion of mutation]
  2885 | D        | Lost mutation: You tend to lose your temper in combat.
                  | [potion of mutation]
  2885 | D        | Lost mutation: Your flesh is cold resistant. (rC+) [potion
                  | of mutation]
  2885 | D        | Gained mutation: Your flesh is heat resistant. (rF+)
                  | [potion of mutation]
  2917 | D        | Slain by a deep elf blademaster

Skill      XL: |  1  2  3  4  5  6  7  8  9 10 11 |
---------------+----------------------------------+-----
Fighting       | 2 3 5 6 7 |  7.7
Short Blades   | 4 5 6 9 11 12 13 | 13.6
Stealth        | 6 7 10 12 13 17 18 21 | 21.7
Spellcasting   | 3 4 7 8 9 10 | 10.6
Hexes          | 4 5 7 8 10 | 10.7
Dodging        | 10 13 17 | 17.0
Conjurations   | 5 7 9 |  9.9

Action                   |  1- 3 |  4- 6 |  7- 9 | 10-12 || total
-------------------------+-------+-------+-------+-------++-------
Melee: Dagger            |    12 |    11 |    36 |    91 ||   150
 Cast: Ensorcelled Hiber |     8 |     1 |     5 |    18 ||    32
       Confuse           |     1 |     2 |     3 |    25 ||    31
       Dazzling Spray    |       |     1 |       |    20 ||    21
       Mephitic Cloud    |       |       |       |    12 ||    12
Invok: Shadow Step       |       |       |       |     2 ||     2
  Use: Potion            |     1 |       |       |     5 ||     6
 Stab: Sleeping          |     3 |       |    11 |    10 ||    24
       Confused          |     1 |     2 |     5 |     9 ||    17
       Invisible         |       |     1 |       |     1 ||     2
       Distracted        |       |       |       |     1 ||     1
Armor: Robe              |       |       |       |     1 ||     1
Dodge: Dodged            |     8 |     8 |    10 |    47 ||    73
